Description

4전차 일때 진출

Build Order

Get SALT Encoding   

  13  0:17  Supply Depot  13번째 일꾼으로
  16  0:41  Barracks  13번째 일꾼으로 이어서
  16  0:43  Refinery  
  17  1:03  Action  17번째 일꾼으로 정찰
  18  1:04  Action  가스일꾼
  20  1:30  Reaper  
  20  1:31  Orbital Command  
  20  1:40  Command Center  
  20  1:50  Supply Depot  
  21  2:00  Marine  
  22  2:09  Factory  
  23  2:15  Refinery  
  24  2:20  Barracks Reactor  
  24  2:36  Action  
  24  2:51  Orbital Command  
  26  2:56  Marine  이후 2해병씩 꾸준히
  28  3:00  Starport  
  26  2:52  Factory Tech Lab  
  37  3:36  Action  우공 군수 스왑
  38  3:40  Hellion  
  40  3:56  Raven  3밤까까지
  42  4:05  Factory Tech Lab  
  46  4:14  Refinery  
  50  4:23  Siege Tank  
  60  5:00  Command Center  트리플
  70  5:10  Refinery  
  80  6:00  Action  3밤까 이후 병영 우공 스왑
  90  6:10  Barracks  4배럭 추가
Spawning Tool Build Advisor. Get it on Overwolf

Go to:

Details

  • Created by: bookshelf421
  • Published on: Nov 07, 2020
  • Modified on: Nov 07, 2020
  • Patch: 4.11.0
  • Difficulty: Medium
Show
View Real Time Build Order
Export as new Build Order

Comments (0)

There are no comments. Be the first!

Create an account to comment!